 Dungeon Crawl Stone Soup version 5.6-49-g8abd877 (webtiles) character file.

98 rednecknazgul the Shooter (level 6, -6/38 HPs)
             Began as a Gargoyle Gladiator on Dec 4, 2018.
             Mangled by an ogre
             ... wielding a +0 giant club
              (13 damage)
             ... on level 4 of the Dungeon.
             The game lasted 00:02:56 (2036 turns).

rednecknazgul the Shooter (Gargoyle Gladiator)      Turns: 2036, Time: 00:02:57

Health: -6/38      AC: 11 (39%)Str: 19  XL:     6   Next: 6%
Magic:  9/9        EV: 11    Int: 10    God:
Gold:   310        SH:  0    Dex: 10    Spells: 10/10 levels left

rFire    . . .     SeeInvis .   a - +0 shortbow
rCold    . . .     Faith    .   (shield currently unavailable)
rNeg     + . .     Spirit   .   i - +0 ring mail
rPois    ∞         Reflect  .   c - +0 helmet
rElec    +                      (no cloak)
rCorr    .                      (no gloves)
MR       .....                  (no boots)
Stlth    ..........             (no amulet)
Regen    0.2/turn               (no ring)
MPRegen  0.2/turn               (no ring)

@: slowed, very slow
A: negative energy resistance 1, electricity resistance, unbreathing,
petrification resistance, rot immunity, AC +4
a: no special abilities


You were on level 4 of the Dungeon.
You were not hungry.

You visited 1 branch of the dungeon, and saw 4 of its levels.

You collected 310 gold pieces.

Inventory:

Hand Weapons
 a - a +0 shortbow (weapon)
Armour
 c - a +0 helmet (worn)
 i - a +0 ring mail (worn)
Jewellery
 b - an uncursed ring of ice
Scrolls
 d - a scroll of magic mapping
 f - 2 scrolls of fog
 h - a scroll of teleportation
 j - a scroll of enchant armour
 k - a scroll of fear
Potions
 e - a potion of flight


   Skills:
 + Level 3.7 Fighting
 * Level 5.0 Bows & Xbows
 - Level 1.7 Throwing
 + Level 3.1 Armour
 - Level 2.4 Dodging


You had 10 spell levels left.
You didn't know any spells.
Your spell library contained the following spells:

 Spells                   Type           Power        Failure   Level  Hunger
 Passwall                 Tmut/Erth      0 (200)      67%         2    N/A
 Lee's Rapid Deconstruct  Erth           0 (200)      100%        5    N/A
 Sandblast                Erth           0 (25)       54%         1    N/A
 Petrify                  Tmut/Erth      0 (100)      99%         4    N/A
 Force Lance              Tloc/Erth      0 (100)      88%         3    N/A

Dungeon Overview and Level Annotations

Branches:
Dungeon (4/15)

Altars:
Cheibriados
Gozag
Kikubaaqudgha
Ru
Sif Muna
Trog
Uskayaw


Innate Abilities, Weirdness & Mutations

You are resistant to torment.
Your stone body is resilient. (AC +4)
You are immune to poison.
You resist negative energy. (rN+)
You are resistant to electric shocks. (rElec)
You can survive without breathing.
You are immune to petrification.
You are immune to rotting.


Message History

Aim: an ogre, wielding a +0 giant club (moderately wounded)
Okay, then.
You shoot an arrow. The arrow barely misses the ogre (0).
The ogre hits you with a +0 giant club (8)!
You are too injured to fight recklessly!
You are too injured to fight recklessly!
You are too injured to fight recklessly!
You are too injured to fight recklessly!
You aren't carrying any items that you can evoke.
You feel yourself slow down.
You feel invigorated.
The ogre hits you with a +0 giant club (16)!
* * * LOW HITPOINT WARNING * * *
Firing (i - inventory):
Press: ? - help, Shift-Dir - straight line, f/p - ogre
Aim: an ogre, wielding a +0 giant club (moderately wounded)
Okay, then.
You shoot an arrow. The arrow hits the ogre (10)!
The ogre is severely wounded.
The ogre hits you with a +0 giant club (13)!
You die...

## .. .. ####.#
#. .....$
#.##...#.#
#.........
$.$......
#.O......
.######@#...#?#
...............
#######..###...
...# ..#.# ###
.. ###


You could see an ogre.

Vanquished Creatures
  3 orc wizards
  2 worker ants (D:3)
  4 adders
  3 dart slugs
  5 orcs (D:3)
  7 quokkas
  4 bats
  4 giant cockroaches
  3 goblins
  5 hobgoblins
  2 jackals (D:2)
  7 frilled lizards
  4 kobolds
  8 rats
61 creatures vanquished.

Notes
Turn   | Place    | Note
-------+----------+-------------------------------------------
     0 | D:1      | rednecknazgul the Gargoyle Gladiator began the quest for the Orb.
     0 | D:1      | Reached XP level 1. HP: 12/12 MP: 2/2
   148 | D:1      | Reached XP level 2. HP: 18/18 MP: 3/3
   403 | D:1      | Reached skill level 1 in Armour
   597 | D:2      | Found a sacrificial altar of Ru.
   600 | D:2      | Reached XP level 3. HP: 22/22 MP: 5/5
   613 | D:2      | Reached skill level 4 in Bows & Xbows
   613 | D:2      | Reached XP level 4. HP: 26/27 MP: 6/6
   620 | D:2      | Found a faded altar of an unknown god.
   682 | D:2      | Found a snail-covered altar of Cheibriados.
  1070 | D:2      | Noticed a moth of wrath
  1073 | D:2      | Found a bloodstained altar of Trog.
  1369 | D:3      | Reached XP level 5. HP: 32/32 MP: 7/7
  1377 | D:3      | Found an ancient bone altar of Kikubaaqudgha.
  1748 | D:3      | Found an opulent altar of Gozag.
  1861 | D:3      | Found a hide-covered altar of Uskayaw.
  1982 | D:3      | Reached skill level 5 in Bows & Xbows
  1982 | D:3      | Reached XP level 6. HP: 25/38 MP: 9/9
  1985 | D:3      | Found a deep blue altar of Sif Muna.
  2036 | D:4      | Mangled by an ogre

Skill      XL: |  1  2  3  4  5 |
---------------+----------------+-----
Armour         | 1 2 3 |  3.1
Bows & Xbows   | 4 5 |  5.0
Fighting       | 3 |  3.7
Throwing       | |  1.7
Dodging        | |  2.4

Action                   |  1- 3 |  4- 6 || total
-------------------------+-------+-------++-------
 Fire: Shortbow          |    49 |   231 ||   280
  Use: Potion            |       |     1 ||     1
Armor: Leather armour    |     7 |    32 ||    39
       Ring mail         |       |    24 ||    24
Dodge: Dodged            |    11 |   108 ||   119
